AoeStats
← Skirmblaster

Oasis

510149455Analyzed
4v4 RM · 3d ago on Sep 29, 2026· 57m 29s· 8 players
Game mode
Random Map
Map size
Large (8 player)
Population
200
Speed
Normal
Resources
Standard
Victory
Conquest
Starting age
Dark Age
Ending age
Imperial Age
RankedLock teamsTeams togetherTeam positionsShared explorationLock speedFull tech treeHidden civsTurbo modeCheats
Victory
Defeat
🇩🇪 Britons · Germany
1084
+13
🇩🇪 Saxons · Germany
1051
+15
🇩🇪 Aztecs · Germany
1046
+15
🇩🇪 Franks · Germany
920
+20
🇩🇪 Romans · Germany
1032
-16
🇬🇧 Persians · United Kingdom
1021
-16
🇺🇸 Persians · United States
1016
-16
🇨🇳 Malay · China
1005
-15
jr.winterburn
10:48 Feudal Age
11:27 Loom
17:18 Gold Mining
20:56 Castle Age
20:45 Double-Bit Axe
21:37 Bloodlines
21:28 Husbandry
21:51 Forging
21:47 Scale Barding Armor
28:25 Light Cavalry
36:59 Imperial Age
35:49 Iron Casting
35:47 Chain Barding Armor
35:17 Pikeman
37:16 Bow Saw
36:48 Horse Collar
39:22 Cavalier
41:06 Blast Furnace
43:55 Chemistry
42:56 Savar
46:34 Wheelbarrow
47:34 Plate Barding Armor
49:30 Thumb Ring
AsianFoxes
6:55 Loom
9:10 Feudal Age
10:14 Man-at-Arms
12:25 Double-Bit Axe
13:02 Horse Collar
23:54 Castle Age
22:27 Scale Mail Armor
22:37 Forging
24:23 Long Swordsman
25:04 Squires
25:58 Iron Casting
25:39 Chain Mail Armor
26:02 Iron Casting
30:19 Stone Mining
30:19 Gold Mining
34:14 Bow Saw
34:10 Heavy Plow
林北大帝
46:35 Loom
48:25 Feudal Age
Maj. Payne
1:39 Loom
2:32 Loom
12:19 Feudal Age
12:55 Double-Bit Axe
14:16 Horse Collar
22:02 Castle Age
20:11 Stone Mining
21:26 Gold Mining
23:27 Stone Shaft Mining
24:31 Heavy Plow
27:59 Gold Shaft Mining
28:23 Bow Saw
30:12 Pikeman
31:08 Town Watch
31:59 Wheelbarrow
33:02 Scale Mail Armor
34:02 Ballistics
34:27 Caravan
34:56 Arson
39:43 Imperial Age
37:27 Masonry
38:19 Hand Cart
38:10 Murder Holes
38:26 Light Cavalry
39:06 Husbandry
39:17 Bloodlines
39:37 Capped Ram
40:29 Onager
42:23 Architecture
42:33 Crop Rotation
42:18 Forging
42:23 Chain Mail Armor
43:17 Halberdier
45:06 Chemistry
48:43 Town Patrol
buschdl
6:36 Loom
12:08 Feudal Age
18:28 Castle Age
17:58 Forging
18:10 Scale Barding Armor
18:35 Double-Bit Axe
22:07 Husbandry
23:49 Iron Casting
33:31 Wheelbarrow
32:44 Town Watch
34:52 Hand Cart
35:07 Town Patrol
37:32 Gold Mining
40:10 Bow Saw
44:09 Imperial Age
44:22 Cavalier
46:57 Paladin
52:34 Blast Furnace
53:42 Chain Barding Armor
56:11 Caravan
Lord Housed von Idleton
12:20 Feudal Age
12:47 Double-Bit Axe
12:45 Horse Collar
13:20 Loom
22:31 Castle Age
21:34 Wheelbarrow
21:56 Gold Mining
26:02 Hand Cart
34:18 Scale Mail Armor
38:11 Murder Holes
42:19 Imperial Age
39:21 Light Cavalry
40:12 Bloodlines
40:20 Forging
40:16 Scale Barding Armor
40:02 Fletching
40:24 Scale Barding Armor
40:32 Forging
43:15 Shield Wall
43:21 Elite Hearth Troop
43:38 Hussar
46:44 Chain Mail Armor
47:04 Iron Casting
46:50 Chain Barding Armor
47:04 Hussar
47:48 Stone Mining
54:25 Plate Mail Armor
53:51 Bodkin Arrow
54:49 Gold Shaft Mining
subaktiv
7:46 Loom
9:59 Feudal Age
10:08 Man-at-Arms
18:59 Castle Age
17:30 Horse Collar
19:18 Stone Mining
19:19 Gold Mining
19:53 Fletching
20:03 Padded Archer Armor
19:25 Crossbowman
21:23 Double-Bit Axe
22:55 Bow Saw
23:06 Bodkin Arrow
24:50 Leather Archer Armor
26:33 Fortified Wall
27:08 Gold Shaft Mining
31:26 Ballistics
40:54 Imperial Age
39:01 Wheelbarrow
41:39 Bracer
43:47 Chemistry
42:59 Arbalester
44:10 Ring Archer Armor
45:01 Capped Ram
46:59 Yeomen
46:40 Warwolf
47:00 Conscription
55:20 Hand Cart
54:50 Town Watch
56:02 Spies/Treason
Skirmblaster
11:10 Feudal Age
9:47 Loom
16:13 Castle Age
14:29 Double-Bit Axe
15:52 Horse Collar
22:10 Fervor
22:21 Sanctity
28:51 Imperial Age
26:25 Heavy Plow
26:38 Bow Saw
29:40 Ballistics
29:01 Treadmill Crane
29:17 Murder Holes
29:18 Gold Mining
29:18 Stone Mining
32:48 Wheelbarrow
31:59 Town Watch
31:50 Pikeman
32:30 Squires
34:59 Crop Rotation
35:59 Chemistry
35:52 Arson
36:49 Illumination
37:20 Elite Jaguar Warrior
38:37 Capped Ram
38:51 Elite Jaguar Warrior
39:33 Atlatl
40:38 Hand Cart
42:14 Coinage
41:53 Town Patrol
41:47 Eagle Warrior
43:21 Garland Wars
44:54 Banking
44:25 Caravan
45:59 Scale Mail Armor
46:10 Forging
45:51 Fletching
46:01 Padded Archer Armor
45:59 Arrowslits
46:20 Siege Engineers
46:27 Elite Skirmisher
48:34 Iron Casting
48:15 Chain Mail Armor
47:57 Bodkin Arrow
55:51 Plate Mail Armor
56:22 Blast Furnace
Connection lost

Rejoining the realm…

Still unreachable

The connection could not be restored.

Session expired

The server has moved on; the page needs a fresh start.